 Dungeon Crawl Stone Soup version 0.25-a0-279-g53730b6a6f (webtiles) character file.

Game seed: 16105444365245712041, levelgen mode: deterministic

86 MoonlitKnight the Skirmisher (level 4, -1/41 HPs)
             Began as a Hill Orc Fighter on Dec 10, 2019.
             Slain by a white imp (3 damage)
             ... summoned by Eustachio
             ... on level 4 of the Dungeon.
             The game lasted 00:04:10 (1903 turns).

MoonlitKnight the Skirmisher (Hill Orc Fighter)     Turns: 1903, Time: 00:04:10

Health: -1/41      AC:  8    Str: 19    XL:     4   Next: 49%
Magic:  4/4        EV:  5    Int:  8    God:
Gold:   150        SH: 13    Dex: 10    Spells: 3/3 levels left

rFire    . . .     SeeInvis .   a - +0 war axe
rCold    . . .     Gourm    .   h - +0 large shield
rNeg     . . .     Faith    .   g - +0 scale mail
rPois    .         Spirit   .   (no helmet)
rElec    .         Reflect  .   (no cloak)
rCorr    .         Harm     .   (no gloves)
MR       .....                  i - +0 pair of boots
Stlth    ..........             (no amulet)
HPRegen  0.13/turn              (no ring)
MPRegen  0.09/turn              (no ring)

@: no status effects
A: no striking features
a: no special abilities


You were on level 4 of the Dungeon.
You were hungry.

You visited 1 branch of the dungeon, and saw 5 of its levels.

You collected 150 gold pieces.

Inventory:

Hand Weapons
 a - a +0 war axe (weapon)
 b - a +0 hunting sling
Missiles
 m - 64 stones
 t - 15 poisoned darts (quivered)
Armour
 c - a +0 shield
 g - a +0 scale mail (worn)
 h - a +0 large shield (worn)
 i - a +0 pair of boots (worn)
Jewellery
 p - a cursed ring of teleportation {unknown}
 u - an uncursed ring of wizardry {unknown}
Scrolls
 k - a scroll of random uselessness {unknown}
 n - a scroll of magic mapping {unknown}
 o - 2 scrolls of fear {unknown}
 q - a scroll of teleportation {unknown}
 r - 2 scrolls of identify {unknown}
 s - a scroll of enchant armour {unknown}
 x - 2 scrolls of enchant weapon {unknown}
Potions
 d - a potion of might
 e - a potion of resistance
 j - a potion of heal wounds {unknown}
 l - a potion of degeneration {unknown}
 v - a potion of agility {unknown}
Comestibles
 f - 4 rations


   Skills:
 + Level 4.4 Fighting
 + Level 3.8 Axes
 + Level 4.0 Armour
 + Level 4.0 Shields


You had 3 spell levels left.
You didn't know any spells.
Your spell library was empty.

Dungeon Overview and Level Annotations

Branches:
Dungeon (5/15)             Temple (0/1) D:4

Altars:

Annotations:
D:4 Eustachio


Message History

The white imp is severely wounded.
You hit the jackal.
The jackal bites you but does no damage.
You block the white imp's attack.
Your shield prevents you from hitting the white imp.
The white imp is severely wounded.
You slash the jackal!
You kill the jackal!
Your Shields skill increases to level 4!
The white imp gestures at you. The puff of frost hits you.
* * * LOW HITPOINT WARNING * * *
You block the jackal's attack.
The white imp hits you but does no damage.
You hit the white imp but do no damage.
The white imp is severely wounded.
You miss the jackal. You block the jackal's attack. The white imp hits you.
* * * LOW HITPOINT WARNING * * *
The white imp freezes you.
You die...

#...# #...#
#...#### ...#>...#
...........#######
#..#.##.##..##...#
#........##.#5#
..#.##.....#5#
##.#.....#.##@#
....##..#.##h#
>.##.......#b@#
...#..####5## ##
#.#.@b....#
.%#.....#####
.@##....#.ยง#
..5..##.#..#
#..h.5..#


You could see Eustachio, a crimson imp, a white imp, an ufetubus, a jackal and a
bat.

Vanquished Creatures
  A worker ant (D:4)
  2 adders
  A dart slug (D:1)
  A worm (D:2)
  2 leopard geckos
  An orc (D:5)
  2 giant cockroaches
  9 goblins
  2 hobgoblins (D:1)
  2 jackals (D:4)
  A quokka (D:3)
  A ball python (D:3)
  6 bats
  3 frilled lizards (D:1)
  4 rats
38 creatures vanquished.

Notes
Turn   | Place    | Note
-------+----------+-------------------------------------------
     0 | D:1      | MoonlitKnight the Hill Orc Fighter began the quest for the
                  | Orb.
     0 | D:1      | Reached XP level 1. HP: 19/19 MP: 1/1
   137 | D:1      | Reached XP level 2. HP: 27/27 MP: 2/2
   854 | D:2      | Reached XP level 3. HP: 31/33 MP: 3/3
  1644 | D:3      | You fall into a shaft and drop 2 floors!
  1644 | D:5      | Entered Level 5 of the Dungeon
  1660 | D:5      | Reached XP level 4. HP: 34/40 MP: 4/4
  1765 | D:5      | Noticed an ogre
  1777 | D:4      | Found a staircase to the Ecumenical Temple.
  1802 | D:4      | Noticed Eustachio
  1903 | D:4      | HP: 2/41 [white imp[Eustachio] (1)]
  1903 | D:4      | Slain by a white imp

Levels and vault maps discovered:
D:1:      dpeg_arrival_three_bigger_balls, layout_basic, minmay_tiny_reverse_x
D:2:      layout_basic, chequers_serial_rivers_small_a
D:3:      layout_basic, serial_undead, serial_undead_b, serial_undead_d,
          serial_undead_d, serial_undead_b, serial_undead_d, serial_undead_e,
          first_ration, minmay_misc_feat_diagonals, okawaru_metal_pillars_3
D:4:      minmay_razor_zed, layout_basic, minmay_temple_entry_ruins,
          serial_shops, shop, nicolae_ossuary_entry_monument, uniq_eustachio
D:5:      layout_basic

Skill      XL: |  1  2  3  4 |
---------------+-------------+-----
Axes           | 3 |  3.8
Fighting       | 4 |  4.4
Armour         | 4 |  4.0
Shields        | 4 |  4.0

Action                   |  1- 3 |  4- 6 || total
-------------------------+-------+-------++-------
Melee: War axe           |   126 |    74 ||   200
  Eat: Chunk             |     3 |       ||     3
Armor: Scale mail        |    66 |    50 ||   116
Dodge: Dodged            |    24 |    17 ||    41
Block: Large shield      |    91 |    89 ||   180
       Shield            |     3 |       ||     3

Table legend:
 A = Non-vault XP
 B = Vault XP
 C = Vault XP percentage of total XP
 D = Non-vault monster count
 E = Vault monster count
 F = Vault count percentage of total count
                 A         B        C        D         E       F
            +---------+---------+-------+---------+---------+-------
      Total |     117 |       6 |   4.9 |      36 |       2 |   5.3
            +---------+---------+-------+---------+---------+-------
        D:1 |      26 |       6 |  18.8 |      18 |       2 |  10.0
        D:2 |      24 |       0 |   0.0 |       6 |       0 |   0.0
        D:3 |      11 |       0 |   0.0 |       7 |       0 |   0.0
        D:4 |      40 |       0 |   0.0 |       3 |       0 |   0.0
        D:5 |      16 |       0 |   0.0 |       2 |       0 |   0.0
            +---------+---------+-------+---------+---------+-------
